[Event "Thursday Night Engine Tour 11 Rd Swiss 5m+1s Starts at 2200hrs ST"]
[Site "Infinity Chess"]
[Date "2018.1.18"]
[Round "3"]
[White "Zor"]
[Black "ocirema"]
[Result "1-0"]
[ECO "E10"]
[WhiteElo "2549"]
[BlackElo "2498"]
[WhiteEngine "Cryptic AIL V1"]
[BlackEngine "stockfish_18011309_x64_modern_CTG"]
[EventType "Swiss"]
[WhiteTeam ""]
[BlackTeam ""]
[PlyCount "153"]
[TimeControl "300+1"]

1. d4 Nf6 2. c4 e6 3. Nf3 d5 4. Nc3 c6 5. Bg5 h6 6. Bh4 dxc4 7. e4 g5 8. Bg3 b5 
9. Ne5 Nbd7 10. Nxc6 Qb6 11. d5 Bb7 12. a4 a6 13. Be2 Bxc6 14. dxc6 Qxc6 
15. e5 Nd5 16. Nxd5 Qxd5 17. Qxd5 exd5 18. axb5 Bb4+ 19. Kd1 Nc5 20. bxa6 Ke7 
21. Kc2 Nb3 22. f4 Nd4+ 23. Kd1 Bc5 24. fxg5 Rhb8 25. Bh5 Rxb2 26. Rf1 Rxg2 
27. Rxf7+ Ke6 28. g6 Rg1+ 29. Kd2 Nb3+ 30. Ke2 Rxg3 31. hxg3 Nxa1 32. g7 c3 
33. Rc7 Kxe5 34. Rxc5 Nb3 35. Rxd5+ Kf6 36. Kd3 Kxg7 37. Kxc3 Rxa6 38. Kxb3 Kf6 
39. g4 Rc6 40. Kb4 Rc1 41. Rd6+ Kg5 42. Rg6+ Kf4 43. Rxh6 Ra1 44. Kb3 Rc1 
45. Kb2 Rc8 46. Re6 Kg5 47. Kb3 Rc1 48. Rg6+ Kf4 49. Ra6 Rc7 50. Kb4 Rc1 
51. Rh6 Ke5 52. g5 Kf5 53. g6 Kf6 54. Rh8 Rc7 55. Rg8 Re7 56. Bf3 Kg5 
57. Bd5 Kf6 58. Kc4 Kf5 59. Bc6 Re1 60. Kd3 Rd1+ 61. Ke3 Re1+ 62. Kf3 Rf1+ 
63. Kg2 Ra1 64. Be4+ Kg5 65. Rf8 Ra2+ 66. Kg1 Ra1+ 67. Rf1 Ra7 68. Rf5+ Kh6 
69. Rf7 Ra1+ 70. Kf2 Rd1 71. g7 Rd8 72. Kf3 Rc8 73. Kf4 Rg8 74. Rb7 Kh5 
75. Rb6 Rf8+ 76. gxf8=Q+ Kh4 77. Rh6# 1-0

[Event "Thursday Night Engine Tour 11 Rd Swiss 5m+1s Starts at 2200hrs ST"]
[Site "Infinity Chess"]
[Date "2018.1.18"]
[Round "2"]
[White "tris77"]
[Black "neófito"]
[Result "1/2-1/2"]
[ECO "C65"]
[WhiteElo "2423"]
[BlackElo "2488"]
[WhiteEngine "Raubfisch X37b_CTG"]
[BlackEngine "BrainFish_180113_x64_bmi2"]
[EventType "Swiss"]
[WhiteTeam ""]
[BlackTeam ""]
[PlyCount "165"]
[TimeControl "300+1"]

1. e4 e5 2. Nf3 Nc6 3. Bb5 Nf6 4. O-O Nxe4 5. d4 Nd6 6. Bxc6 dxc6 7. dxe5 Nf5 
8. Qxd8+ Kxd8 9. Nc3 Bd7 10. Rd1 Kc8 11. Ng5 Be8 12. Rd3 b6 13. g4 Ne7 
14. Be3 Ng6 15. f4 h5 16. gxh5 Rxh5 17. Rad1 Be7 18. e6 f6 19. Nge4 Kb7 
20. Ng3 Ra5 21. a3 Nh4 22. Nce4 c5 23. c4 Ra4 24. Nc3 Rxc4 25. Kf2 Bc6 
26. b3 Rxc3 27. Rxc3 Bd6 28. Rdc1 Bd5 29. Re1 Re8 30. Rd3 Bxe6 31. Bd2 Bf7 
32. Rxe8 Bxe8 33. Ne4 Nf5 34. b4 Bc6 35. Ng3 Bb5 36. Rb3 Nd4 37. Rb2 cxb4 
38. axb4 Bd7 39. Ke3 Ne6 40. Ne2 c5 41. Bc3 Nc7 42. bxc5 Bxc5+ 43. Ke4 Bc6+ 
44. Kd3 Bb5+ 45. Ke4 Bc4 46. Nd4 b5 47. Nb3 Bxb3 48. Rxb3 Kc6 49. h4 Nd5 
50. Ba1 a5 51. Rd3 Nc7 52. h5 b4 53. Bxf6 gxf6 54. h6 Bf8 55. h7 f5+ 
56. Kxf5 Bg7 57. Kg6 Bh8 58. Rd8 b3 59. Rxh8 b2 60. Rb8 Nb5 61. f5 b1=Q 
62. h8=Q Qg1+ 63. Kh5 Qh2+ 64. Kg4 Qg1+ 65. Kf3 Qf1+ 66. Kg4 Qg2+ 67. Kh5 Qh2+ 
68. Kg4 Qg1+ 69. Kf3 Qf1+ 70. Kg4 Qe2+ 71. Kg3 Qd3+ 72. Kh4 Qe4+ 73. Kg3 Qe3+ 
74. Kh4 Qf4+ 75. Kh5 Qxf5+ 76. Kh6 Qf4+ 77. Kh5 Qf3+ 78. Kh4 Qf2+ 79. Kh3 Qf3+ 
80. Kh4 Nd6 81. Qd8 Nf5+ 82. Kg5 Qe3+ 83. Kxf5 1/2-1/2

[Event "Thursday Night Engine Tour 11 Rd Swiss 5m+1s Starts at 2200hrs ST"]
[Site "Infinity Chess"]
[Date "2018.1.18"]
[Round "2"]
[White "ludimilojko"]
[Black "OlivierEvan"]
[Result "1/2-1/2"]
[ECO "C77"]
[WhiteElo "2388"]
[BlackElo "2413"]
[WhiteEngine "CorChess 2.0_x64_CTG"]
[BlackEngine "Houdini 6"]
[EventType "Swiss"]
[WhiteTeam ""]
[BlackTeam ""]
[PlyCount "197"]
[TimeControl "300+1"]

1. e4 e5 2. Nf3 Nc6 3. Bb5 a6 4. Ba4 Nf6 5. O-O Be7 6. Re1 b5 7. Bb3 O-O 
8. c3 d5 9. exd5 Nxd5 10. a4 Be6 11. d4 exd4 12. cxd4 Na5 13. axb5 Nxb3 
14. Qxb3 axb5 15. Rxa8 Qxa8 16. Qxb5 Rb8 17. Qd3 Nb4 18. Qe2 Bd6 19. Nc3 Bf5 
20. Nh4 Bd7 21. Rd1 Be6 22. Nf3 Bb3 23. Re1 Nc2 24. Rf1 Re8 25. Qb5 Nb4 
26. Bd2 Rb8 27. Qe2 f6 28. Nh4 Bf8 29. Nf5 Re8 30. Qg4 Kh8 31. Ne3 Be6 
32. Qh5 Kg8 33. Nb5 Bf7 34. Qf5 Na6 35. Ra1 Qb7 36. Bc3 c6 37. Na3 Nc7 
38. Nac4 Nb5 39. h3 Rd8 40. Qe4 Re8 41. Qc2 Qd7 42. Qd1 Qb7 43. Qa4 Rd8 
44. Qa6 Qxa6 45. Rxa6 Nxd4 46. Bxd4 Rxd4 47. Rxc6 h5 48. g3 Rd8 49. Kg2 Bg6 
50. Rc7 Rb8 51. Kf1 Be4 52. Ke2 Rb3 53. Kd1 Rd3+ 54. Ke2 Rb3 55. h4 Bg6 
56. Rc8 Kf7 57. Kd2 Rd3+ 58. Kc1 Rd4 59. Rc7+ Kg8 60. Rb7 Be4 61. Rb5 Rd8 
62. b3 g6 63. Rb6 Kf7 64. b4 Rd4 65. Kb2 Rd3 66. b5 Bc5 67. Ra6 Rd7 68. b6 Ke7 
69. Kb3 Rd3+ 70. Ka2 Rd7 71. Ra5 Bb4 72. Rb5 Be1 73. Rb2 Kd8 74. Re2 Bb4 
75. Kb3 Bc5 76. Ka4 Bc6+ 77. Kb3 Rd3+ 78. Kc2 Be4 79. Rd2 Rd5+ 80. Kc3 Rxd2 
81. Nxd2 Bh1 82. Ndc4 Bf3 83. Kc2 Kd7 84. Kd2 Bb7 85. Kc3 Bf3 86. Kd3 Bb7 
87. g4 Ke6 88. gxh5 gxh5 89. f4 Kd7 90. Nf5 Ba6 91. Kc3 Kc6 92. b7 Kxb7 
93. Nd2 Kc6 94. Ne4 Kd5 95. Nxc5 Kxc5 96. Ng3 Kd5 97. Nxh5 Ke4 98. Nxf6+ Kxf4 
99. Kd2 1/2-1/2

[Event "Thursday Night Engine Tour 11 Rd Swiss 5m+1s Starts at 2200hrs ST"]
[Site "Infinity Chess"]
[Date "2018.1.18"]
[Round "2"]
[White "KULLANI"]
[Black "klasman"]
[Result "1/2-1/2"]
[ECO "C50"]
[WhiteElo "2446"]
[BlackElo "2452"]
[WhiteEngine "BrainFish_180113_x64_CTG"]
[BlackEngine "Raubfisch ME262_GTZ16b2_CTG"]
[EventType "Swiss"]
[WhiteTeam ""]
[BlackTeam ""]
[PlyCount "267"]
[TimeControl "300+1"]

1. e4 e5 2. Nf3 Nc6 3. Bc4 Bc5 4. d3 Nf6 5. c3 d6 6. O-O a5 7. Bg5 Ba7 
8. Nbd2 h6 9. Bh4 g5 10. Bg3 O-O 11. Bb3 Be6 12. Ba4 Rb8 13. Re1 Nh7 14. h3 g4 
15. hxg4 b5 16. Bc2 Bxg4 17. Nf1 Ng5 18. N1h2 Bh5 19. Qd2 Nxf3+ 20. Nxf3 Kh7 
21. d4 Rg8 22. Kh1 Bxf3 23. gxf3 Qf6 24. f4 Kh8 25. Rg1 exd4 26. Rae1 dxc3 
27. bxc3 b4 28. Qd3 Rg4 29. e5 Qg6 30. Qxg6 fxg6 31. exd6 cxd6 32. Re6 bxc3 
33. Bd1 Bxf2 34. Bxf2 Rxg1+ 35. Kxg1 Rb2 36. Re2 Rb1 37. Re1 Rb4 38. Bc2 Rxf4 
39. Re4 Rf6 40. Rc4 Ne5 41. Rxc3 Rf4 42. Be3 Rg4+ 43. Kf1 h5 44. Bd1 Rb4 
45. Bb3 a4 46. Be6 Ng4 47. Bd2 Re4 48. Bd5 Re7 49. Kg1 Kg7 50. Rd3 Ra7 
51. Rd4 Ne5 52. Kf2 Ng4+ 53. Kg1 Ne5 54. Kf2 Nf7 55. Re4 Ne5 56. Kg3 Kf6 
57. Rf4+ Ke7 58. a3 g5 59. Rf5 Rc7 60. Bxg5+ Kd7 61. Be3 Rc3 62. Kf4 Rxa3 
63. Rxh5 Nd3+ 64. Ke4 Nc5+ 65. Kf3 Rc3 66. Ke2 Rc2+ 67. Kd1 Rb2 68. Bd4 Rb5 
69. Kc2 Kc8 70. Rh7 Kb8 71. Kc3 Rb1 72. Kc4 Rd1 73. Rf7 a3 74. Rf8+ Kc7 
75. Ra8 Nd7 76. Ra7+ Kd8 77. Bf3 Rd2 78. Kc3 Rh2 79. Bc6 Nc5 80. Bd5 Kc8 
81. Rxa3 Rh3+ 82. Kb4 Rxa3 83. Kxa3 Kd7 84. Be3 Na6 85. Bg2 Ke6 86. Kb3 Ke5 
87. Kc4 d5+ 88. Bxd5 Nc7 89. Bd4+ Kd6 90. Bg2 Ne6 91. Ba7 Ke5 92. Bb8+ Kf5 
93. Bh3+ Kf6 94. Kd5 Ng7 95. Be5+ Kg6 96. Bc8 Nf5 97. Bd7 Ng7 98. Bc8 Nf5 
99. Bd7 Ng7 100. Bb5 Kf7 101. Kd4 Nf5+ 102. Ke4 Ng7 103. Bf1 Nh5 104. Kf5 Ng7+ 
105. Kg5 Ne6+ 106. Kh6 Nd8 107. Bc4+ Ke7 108. Kg6 Kd7 109. Kf5 Kc6 110. Bd4 Kd6 
111. Be2 Kd5 112. Bf6 Nc6 113. Bf3+ Kc5 114. Ke4 Kd6 115. Be2 Kc5 116. Bg4 Kd6 
117. Bf3 Kc5 118. Be2 Kd6 119. Kf5 Kd5 120. Bf3+ Kc5 121. Ke4 Kd6 122. Bc3 Kc5 
123. Bg7 Na5 124. Kd3 Nc6 125. Ke4 Na5 126. Kd3 Nc6 127. Bf8+ Kb5 128. Be2 Kb6 
129. Ke4 Na5 130. Bg4 Kc6 131. Be2 Nb3 132. Ke5 Na5 133. Ba3 Nb7 134. Kd4 
1/2-1/2

[Event "Thursday Night Engine Tour 11 Rd Swiss 5m+1s Starts at 2200hrs ST"]
[Site "Infinity Chess"]
[Date "2018.1.18"]
[Round "2"]
[White "Dovahkiin"]
[Black "Cepri"]
[Result "1/2-1/2"]
[ECO "A00"]
[WhiteElo "2454"]
[BlackElo "2471"]
[WhiteEngine "BrainFish_180113_x64_modern_CTG"]
[BlackEngine "asmFishW_12J18Mb_CTG"]
[EventType "Swiss"]
[WhiteTeam ""]
[BlackTeam ""]
[PlyCount "134"]
[TimeControl "300+1"]

1. e3 e5 2. e4 Nf6 3. Nc3 Bc5 4. Bc4 d6 5. Nf3 O-O 6. d3 c6 7. a4 Nbd7 8. O-O h6 
9. h3 Re8 10. Ba2 Nf8 11. Be3 Bb4 12. Ne2 Ng6 13. Ng3 d5 14. c3 Bd6 15. a5 b6 
16. axb6 axb6 17. Bb3 Rxa1 18. Qxa1 Be6 19. Qa2 Bb8 20. c4 Nf4 21. Qa6 Bc7 
22. Rd1 dxe4 23. dxe4 Qb8 24. Bc2 c5 25. Nd2 h5 26. Kf1 Qa8 27. Ra1 Qd8 
28. Qb7 Bc8 29. Qa7 Bb8 30. Qa8 Bc7 31. Qa3 Bb8 32. Nf3 Qd6 33. Qa4 Bd7 
34. Qb3 Qc6 35. Ng5 Nh7 36. Nxh7 Kxh7 37. Rd1 Kg8 38. Ne2 Qe6 39. Bc1 Nxe2 
40. Kxe2 Bc7 41. Be3 Bc6 42. f3 Rd8 43. Ra1 Rd7 44. Kf1 Bd8 45. Qc3 Bh4 
46. Kg1 Bb7 47. b4 Be7 48. b5 Bh4 49. Kh2 Qe7 50. Qa3 Kh7 51. Rd1 Rxd1 
52. Bxd1 Be1 53. Qa7 Qc7 54. Kg1 Bc3 55. h4 Bb2 56. Be2 g6 57. g3 Bd4 
58. Bxd4 cxd4 59. Kf2 Qc5 60. Kg2 Kg7 61. Qxb7 Qb4 62. Qxb6 Qd2 63. Qd6 Qxe2+ 
64. Kg1 Qe1+ 65. Kg2 Qe2+ 66. Kg1 Qe1+ 67. Kg2 Qe2+ 1/2-1/2

[Event "Thursday Night Engine Tour 11 Rd Swiss 5m+1s Starts at 2200hrs ST"]
[Site "Infinity Chess"]
[Date "2018.1.18"]
[Round "2"]
[White "star99"]
[Black "incredible"]
[Result "1/2-1/2"]
[ECO "E12"]
[WhiteElo "2471"]
[BlackElo "2486"]
[WhiteEngine "Cryptic AIL V1"]
[BlackEngine "Stockfish_x64_bmi2"]
[EventType "Swiss"]
[WhiteTeam ""]
[BlackTeam ""]
[PlyCount "171"]
[TimeControl "300+1"]

1. d4 Nf6 2. c4 e6 3. Nf3 b6 4. Nc3 Bb4 5. e3 O-O 6. Bd3 Bb7 7. O-O c5 8. Bd2 d5 
9. cxd5 Bxc3 10. bxc3 Bxd5 11. Be1 Nbd7 12. c4 Be4 13. Bc3 Qc7 14. Rc1 Rac8 
15. Bb2 Rfd8 16. Re1 h6 17. Bxe4 Nxe4 18. Qd3 Nd6 19. d5 exd5 20. cxd5 c4 
21. Qc3 f6 22. Nd4 Nc5 23. Red1 a6 24. Nc6 Re8 25. Rc2 Qf7 26. f3 Nd3 
27. Rxd3 cxd3 28. Qxd3 b5 29. Rc5 Qd7 30. e4 Rc7 31. Qb3 Nc4 32. Bc3 f5 
33. e5 Kh7 34. a4 Rxc6 35. Rxc6 Qa7+ 36. Kf1 Ne3+ 37. Ke2 Nxg2 38. Kf1 Nf4 
39. axb5 Qe3 40. Qd1 Nd3 41. Qe2 Qc1+ 42. Be1 Qb1 43. e6 Nf4 44. Qe5 Qxb5+ 
45. Kg1 Nxd5 46. Qxf5+ Kh8 47. Rc1 Qb6+ 48. Bf2 Qxe6 49. Qxe6 Rxe6 50. Rc5 Nf4 
51. Bg3 Nd3 52. Ra5 Rc6 53. h4 Kh7 54. Kf1 Nb2 55. h5 Nc4 56. Ra4 Nb2 
57. Ra5 Nc4 58. Ra4 Ne3+ 59. Ke2 Nd5 60. Ra5 Nf6 61. Bh4 Kg8 62. Bxf6 Rxf6 
63. Ke3 Rc6 64. f4 Rb6 65. Ke4 Kf8 66. Rc5 Rb4+ 67. Kf3 Rb8 68. Kg4 Ra8 
69. Rf5+ Kg8 70. Ra5 Ra7 71. Kf3 Kf8 72. Kg3 Ke7 73. Kg4 Rb7 74. Rxa6 Kf7 
75. Kf5 Rb5+ 76. Kg4 Rb7 77. f5 Rb4+ 78. Kg3 Rb3+ 79. Kf4 Rb4+ 80. Kf3 Kf8 
81. f6 Rb3+ 82. Kg4 gxf6 83. Rxf6+ Kg7 84. Rg6+ Kh7 85. Rd6 Rb1 86. Rd7+ 1/2-1/2

[Event "Thursday Night Engine Tour 11 Rd Swiss 5m+1s Starts at 2200hrs ST"]
[Site "Infinity Chess"]
[Date "2018.1.18"]
[Round "2"]
[White "RonWeasley"]
[Black "BraveDevil"]
[Result "1/2-1/2"]
[ECO "B95"]
[WhiteElo "2494"]
[BlackElo "2516"]
[WhiteEngine "BrainFish 130117_CTG"]
[BlackEngine "Cryptic AIL V1"]
[EventType "Swiss"]
[WhiteTeam ""]
[BlackTeam ""]
[PlyCount "196"]
[TimeControl "300+1"]

1. e4 c5 2. Nf3 d6 3. d4 cxd4 4. Nxd4 Nf6 5. Nc3 a6 6. Bg5 e6 7. Qf3 Be7 
8. O-O-O Qc7 9. Bd3 Nbd7 10. Qg3 b5 11. Rhe1 h6 12. Bd2 b4 13. Nce2 Rb8 
14. Qxg7 Rg8 15. Qxh6 Ng4 16. Qh7 Ndf6 17. Qh4 Nxe4 18. Qh7 Nef6 19. Qh4 Ne4 
20. Qh7 Nef6 21. Qh4 Qc5 22. Be3 Nxe3 23. fxe3 Bd7 24. Ng3 a5 25. Kb1 a4 
26. Rf1 Qg5 27. Qxg5 Rxg5 28. Ne4 Nxe4 29. Bxe4 Rc8 30. g3 Re5 31. Bf3 Rec5 
32. Bg4 Bf8 33. Rd3 Bg7 34. Rf2 Rb8 35. a3 Rg5 36. Bf3 d5 37. axb4 e5 
38. Bxd5 exd4 39. Bxf7+ Kd8 40. exd4 Rxb4 41. c3 Bf5 42. cxb4 Bxd3+ 43. Ka2 Bb5 
44. b3 Bxd4 45. Rd2 Ke7 46. Rxd4 Kxf7 47. bxa4 Bxa4 48. Kb2 Ke6 49. h4 Rxg3 
50. b5 Bxb5 51. h5 Rh3 52. Rd8 Ke5 53. h6 Bc4 54. Kc2 Rxh6 55. Kc3 Rc6 
56. Rd2 Bd5+ 57. Kb4 Rc4+ 58. Kb3 Rh4+ 59. Kc3 Rh3+ 60. Rd3 Rh8 61. Rg3 Rc8+ 
62. Kd2 Be4 63. Ke3 Bf5 64. Kf2 Rc6 65. Ke3 Ra6 66. Rf3 Ra7 67. Rg3 Ra2 
68. Rg1 Ra3+ 69. Kf2 Kf4 70. Rg7 Ra2+ 71. Ke1 Rh2 72. Rf7 Ra2 73. Rc7 Ke3 
74. Rc3+ Bd3 75. Kd1 Ra1+ 76. Rc1 Ra6 77. Rc5 Rg6 78. Kc1 Rb6 79. Kd1 Rb1+ 
80. Rc1 Rb5 81. Rc7 Rb4 82. Re7+ Be4 83. Rc7 Rb1+ 84. Rc1 Rb8 85. Rc3+ Bd3 
86. Rc5 Kd4 87. Rc6 Rg8 88. Rc7 Rh8 89. Kd2 Rh2+ 90. Kd1 Be2+ 91. Ke1 Bf3 
92. Ra7 Bc6 93. Ra3 Be4 94. Kf1 Rd2 95. Ra4+ Ke5 96. Ra3 Rd7 97. Ke2 Rd8 
98. Ke3 Rg8 1/2-1/2

[Event "Thursday Night Engine Tour 11 Rd Swiss 5m+1s Starts at 2200hrs ST"]
[Site "Infinity Chess"]
[Date "2018.1.18"]
[Round "2"]
[White "Victorious"]
[Black "Zor"]
[Result "1/2-1/2"]
[ECO "B90"]
[WhiteElo "2544"]
[BlackElo "2549"]
[WhiteEngine "BugChess2.41_Release"]
[BlackEngine "Cryptic AIL V1"]
[EventType "Swiss"]
[WhiteTeam ""]
[BlackTeam ""]
[PlyCount "135"]
[TimeControl "300+1"]

1. e4 c5 2. Nf3 d6 3. d4 cxd4 4. Nxd4 Nf6 5. Nc3 a6 6. Be3 e5 7. Nb3 Be7 
8. Be2 Be6 9. Qd3 Nc6 10. a3 Rc8 11. Nd5 O-O 12. O-O Nd7 13. Nxe7+ Nxe7 
14. Qxd6 Rxc2 15. Bd1 Rc6 16. Qb4 Bc4 17. Re1 b6 18. a4 a5 19. Qa3 Nf6 
20. Nd2 Be6 21. Bb3 Bxb3 22. Qxb3 Ng4 23. Nf1 Ng6 24. Red1 Qf6 25. Rac1 Nxe3 
26. Nxe3 Nf4 27. Rxc6 Qxc6 28. Nd5 Nxd5 29. exd5 Qc5 30. d6 Rd8 31. d7 Kf8 
32. Rd5 Qc1+ 33. Rd1 Qc5 34. g3 Ke7 35. Qd3 g6 36. Qf3 f5 37. Qd3 Qc6 
38. Qe3 Ke6 39. Rc1 Qd6 40. Qb3+ Ke7 41. Rd1 Qc6 42. h4 Rxd7 43. Rxd7+ Kxd7 
44. Qf7+ Kd6 45. Qxh7 Kd5 46. Qe7 Kd4 47. Qd8+ Kc4 48. Qe7 e4 49. Qa3 Kd4 
50. Qb3 Ke5 51. Qe3 Kd5 52. Kh2 Ke6 53. b4 axb4 54. Qb3+ Ke5 55. Qxb4 Qd6 
56. Qb3 Kd4 57. Kg2 Qc6 58. Qd1+ Kc4 59. Qc2+ Kd5 60. Qxc6+ Kxc6 61. f3 exf3+ 
62. Kxf3 Kc5 63. Kf4 Kb4 64. Kg5 Kxa4 65. Kxg6 b5 66. h5 f4 67. gxf4 b4 68. f5 
1/2-1/2

[Event "Thursday Night Engine Tour 11 Rd Swiss 5m+1s Starts at 2200hrs ST"]
[Site "Infinity Chess"]
[Date "2018.1.18"]
[Round "2"]
[White "ocirema"]
[Black "Coco69"]
[Result "1/2-1/2"]
[ECO "D30"]
[WhiteElo "2498"]
[BlackElo "2489"]
[WhiteEngine "stockfish_18011309_x64_modern_CTG"]
[BlackEngine "Raubfisch X37b3._CTG"]
[EventType "Swiss"]
[WhiteTeam ""]
[BlackTeam ""]
[PlyCount "179"]
[TimeControl "300+1"]

1. d4 d5 2. c4 e6 3. Nf3 Nf6 4. Nc3 Be7 5. Bf4 O-O 6. e3 Nbd7 7. c5 Nh5 
8. Bd3 Nxf4 9. exf4 b6 10. b4 a5 11. a3 c6 12. O-O Ba6 13. Bxa6 Rxa6 14. Qe2 Ra7 
15. Rfb1 g6 16. g3 Qc7 17. Kg2 Rfa8 18. Qd1 Kg7 19. Na4 b5 20. Nc3 Bf6 
21. Ne5 Nxe5 22. dxe5 Be7 23. Ne2 Ra6 24. Nd4 h5 25. Rc1 Kh7 26. Rab1 Kg7 
27. a4 bxa4 28. b5 cxb5 29. Nxb5 Qd7 30. Qc2 d4 31. Nd6 Qc6+ 32. Qe4 a3 
33. Kf3 Bxd6 34. cxd6 a2 35. Ra1 Qb6 36. Rc2 a4 37. Rcxa2 a3 38. Rb1 Qc5 
39. Rc2 Qa5 40. Qxd4 a2 41. Ra1 Qb5 42. Kg2 Qb7+ 43. f3 Qb1 44. Rc1 Qb7 
45. Rc7 Qb1 46. Rc1 Qb7 47. Qe4 Qb5 48. Rc2 Qb1 49. Rc1 Qb5 50. Qc4 Qb7 
51. Qc7 Qb5 52. Qc4 Qb7 53. Qe2 h4 54. Rc2 Qb1 55. Rc1 Qb7 56. Rd1 Ra4 
57. d7 Rd8 58. Rd6 Qb1 59. Rd1 Qb7 60. Qf2 hxg3 61. hxg3 Rxd7 62. Rxd7 Qxd7 
63. Rxa2 Rd4 64. Rb2 Qd5 65. Rc2 Rd1 66. Rb2 Rd3 67. Qe2 Rd1 68. Qe3 Rd3 
69. Qe2 Rd1 70. Qe3 Rd3 71. Qf2 Rd4 72. Qc2 Qd8 73. Kh3 Qh8+ 74. Kg2 Qd8 
75. Qe2 Rd1 76. Qc2 Qd4 77. Qf2 Qd5 78. g4 Qa5 79. Kg3 Qa1 80. Rd2 Rg1+ 
81. Kh3 Qc1 82. Rc2 Rh1+ 83. Kg3 Qb1 84. Rb2 Qc1 85. Re2 g5 86. Qe3 Rg1+ 
87. Kh2 Rh1+ 88. Kg3 Rg1+ 89. Kh2 Rh1+ 90. Kg3 1/2-1/2

[Event "Thursday Night Engine Tour 11 Rd Swiss 5m+1s Starts at 2200hrs ST"]
[Site "Infinity Chess"]
[Date "2018.1.18"]
[Round "1"]
[White "Coco69"]
[Black "ludimilojko"]
[Result "1-0"]
[ECO "B90"]
[WhiteElo "2476"]
[BlackElo "2401"]
[WhiteEngine "Raubfisch X37b3._CTG"]
[BlackEngine "CorChess 2.0_x64_CTG"]
[EventType "Swiss"]
[WhiteTeam ""]
[BlackTeam ""]
[PlyCount "132"]
[TimeControl "300+1"]

1. e4 c5 2. Nf3 d6 3. d4 cxd4 4. Nxd4 Nf6 5. Nc3 a6 6. Be3 e5 7. Nb3 Be6 
8. f3 h5 9. Be2 Nbd7 10. Nd5 Nxd5 11. exd5 Bf5 12. O-O g6 13. Qd2 Bg7 
14. Na5 O-O 15. Nxb7 Qb8 16. Na5 Qxb2 17. Nc4 Qb8 18. Rab1 Qc7 19. h3 e4 
20. f4 h4 21. Rb4 Rfb8 22. Rfb1 Rxb4 23. Rxb4 Rc8 24. a4 Rb8 25. Rxb8+ Qxb8 
26. Qa5 Qb1+ 27. Bf1 Qxc2 28. Nxd6 Qb3 29. Ba7 Nf8 30. Nxf5 gxf5 31. d6 Qd1 
32. Qxf5 Bd4+ 33. Bxd4 Qxd4+ 34. Kh1 Ne6 35. Qg4+ Kf8 36. f5 Nc5 37. Qxh4 Qxd6 
38. f6 Ke8 39. Qg4 Qe6 40. Qg5 Nd3 41. h4 Kd7 42. h5 Nf2+ 43. Kg1 Ng4 
44. h6 Qb6+ 45. Kh1 Nxf6 46. h7 Nxh7 47. Qf5+ Qe6 48. Qxh7 Qd5 49. Qh3+ Ke7 
50. Qa3+ Kf6 51. Qc3+ Kg6 52. Bxa6 Qd1+ 53. Kh2 Qxa4 54. Qg3+ Kh7 55. Bb7 Qd4 
56. Qh4+ Kg8 57. Qxe4 Qf6 58. Qf3 Qh6+ 59. Qh3 Qd2 60. Qh5 Qf4+ 61. g3 Qd6 
62. Bd5 Qd7 63. Bc4 Kg7 64. Qg5+ Kf8 65. Qd5 Qxd5 66. Bxd5 Ke7 1-0

[Event "Thursday Night Engine Tour 11 Rd Swiss 5m+1s Starts at 2200hrs ST"]
[Site "Infinity Chess"]
[Date "2018.1.18"]
[Round "1"]
[White "OlivierEvan"]
[Black "ocirema"]
[Result "0-1"]
[ECO "C55"]
[WhiteElo "2427"]
[BlackElo "2484"]
[WhiteEngine "Houdini 6"]
[BlackEngine "stockfish_18011309_x64_modern_CTG"]
[EventType "Swiss"]
[WhiteTeam ""]
[BlackTeam ""]
[PlyCount "244"]
[TimeControl "300+1"]

1. e4 e5 2. Nf3 Nc6 3. Bc4 Nf6 4. d3 Bc5 5. c3 d6 6. O-O O-O 7. Bg5 h6 8. Bh4 a6 
9. a4 g5 10. Bg3 Ba7 11. Nbd2 Nh7 12. h3 h5 13. Kh1 Kh8 14. b4 h4 15. Bh2 g4 
16. hxg4 Bxg4 17. b5 Na5 18. Ba2 Ng5 19. d4 h3 20. gxh3 Nxh3 21. Qe1 Rg8 
22. bxa6 Rg7 23. Qe3 Qf6 24. axb7 Nxb7 25. Nxe5 dxe5 26. Bxe5 Qxe5 27. Qh6+ Rh7 
28. Qxh7+ Kxh7 29. dxe5 Nc5 30. Kh2 Nd3 31. f3 Bd7 32. Bc4 Nhf4 33. Bxd3 Nxd3 
34. Nb3 Be3 35. Rfd1 Nxe5 36. Nd4 Rb8 37. Nf5 Bf4+ 38. Kg1 Nxf3+ 39. Kg2 Ne5 
40. Rf1 Bg5 41. Rfb1 Rg8 42. Kf1 Re8 43. Rb7 Bc6 44. Rxc7 Bxe4 45. Nd6 Bd3+ 
46. Kg2 Rg8 47. Kf2 Rg6 48. Rh1+ Bh6 49. Re7 Ng4+ 50. Kg3 Kg7 51. Nxf7 Kf6 
52. Rd7 Bf5 53. Rd6+ Kxf7 54. Rxg6 Kxg6 55. a5 Be3 56. a6 Kf6 57. Ra1 Ba7 
58. Kf3 Ne5+ 59. Ke2 Nd3 60. Rh1 Nc5 61. Rh6+ Kg5 62. Rc6 Bd3+ 63. Kd1 Bxa6 
64. Rc7 Bb7 65. Kd2 Bb6 66. Rf7 Be4 67. c4 Bf5 68. Kc3 Ne4+ 69. Kb4 Bc5+ 
70. Ka5 Kf4 71. Rg7 Ke5 72. Kb5 Kd4 73. Kc6 Kxc4 74. Rf7 Be6 75. Rf4 Bd5+ 
76. Kd7 Bd4 77. Rf1 Kb4 78. Ke7 Kc4 79. Kd7 Kb5 80. Rd1 Kc5 81. Ke8 Bf6 
82. Kd7 Bc6+ 83. Ke6 Kb5 84. Kf5 Bc3 85. Rd8 Kc5 86. Kf4 Nd6 87. Ke3 Bd4+ 
88. Ke2 Be4 89. Rb8 Kc4 90. Rf8 Nb5 91. Rc8+ Kb4 92. Re8 Bd5 93. Kd3 Bc4+ 
94. Kc2 Nd6 95. Re1 Kc5 96. Rh1 Kd5 97. Rh5+ Be5 98. Rh1 Bf6 99. Rh5+ Kd4 
100. Rh6 Bd3+ 101. Kb3 Ne4 102. Rh3 Nc5+ 103. Kb4 Bc4 104. Rh7 Na6+ 
105. Ka5 Bd8+ 106. Ka4 Kc3 107. Rh3+ Bd3 108. Rh5 Bb6 109. Rh8 Nc5+ 110. Ka3 Bc7 
111. Rc8 Na6 112. Ka4 Bf5 113. Rh8 Bd7+ 114. Ka3 Bf4 115. Rh4 Bc1+ 116. Ka2 Bf5 
117. Ka1 Bd3 118. Rh2 Nb4 119. Rg2 Be3 120. Rg8 Kb3 121. Rc8 Bd4+ 
122. Rc3+ Bxc3# 0-1

[Event "Thursday Night Engine Tour 11 Rd Swiss 5m+1s Starts at 2200hrs ST"]
[Site "Infinity Chess"]
[Date "2018.1.18"]
[Round "1"]
[White "incredible"]
[Black "KULLANI"]
[Result "1/2-1/2"]
[ECO "D31"]
[WhiteElo "2488"]
[BlackElo "2444"]
[WhiteEngine "Stockfish_x64_bmi2"]
[BlackEngine "BrainFish_180113_x64_CTG"]
[EventType "Swiss"]
[WhiteTeam ""]
[BlackTeam ""]
[PlyCount "117"]
[TimeControl "300+1"]

1. d4 d5 2. c4 e6 3. Nc3 c6 4. Nf3 Nf6 5. Bg5 h6 6. Bxf6 Qxf6 7. e3 Nd7 
8. Bd3 dxc4 9. Bxc4 g6 10. O-O Bg7 11. e4 e5 12. d5 Nb6 13. Nd2 O-O 14. Bb3 h5 
15. Qe2 Bg4 16. f3 Bd7 17. Qf2 Qe7 18. Nc4 Nxc4 19. Bxc4 Qb4 20. Bb3 Rfd8 
21. Rad1 a5 22. dxc6 bxc6 23. Qh4 Qb6+ 24. Qf2 Qc7 25. Na4 Be8 26. Qb6 Qe7 
27. Rxd8 Rxd8 28. Qxa5 Bh6 29. Kh1 Bf4 30. Qe1 h4 31. Nc3 Qg5 32. Nb1 Rd4 
33. Qe2 Bd7 34. Rd1 Bc8 35. Bc4 Kg7 36. b3 Qd8 37. Nc3 Qa5 38. Rd3 Be6 
39. Bxe6 fxe6 40. a4 c5 41. g3 hxg3 42. hxg3 Bxg3 43. Nd1 c4 44. bxc4 Qxa4 
45. Kg2 Bh4 46. Ne3 Qd7 47. Rxd4 exd4 48. Ng4 Qd6 49. e5 Qb4 50. Qe4 Qxc4 
51. Qb7+ Kf8 52. Qa8+ Kf7 53. Nh6+ Kg7 54. Qg8+ Kxh6 55. Qh8+ Kg5 56. Qf6+ Kh6 
57. Qh8+ Kg5 58. Qf6+ Kh6 59. Qh8+ 1/2-1/2

[Event "Thursday Night Engine Tour 11 Rd Swiss 5m+1s Starts at 2200hrs ST"]
[Site "Infinity Chess"]
[Date "2018.1.18"]
[Round "1"]
[White "klasman"]
[Black "RonWeasley"]
[Result "1/2-1/2 "]
[ECO "C11"]
[WhiteElo "2450"]
[BlackElo "2496"]
[WhiteEngine "Raubfisch ME262_GTZ16b2_CTG"]
[BlackEngine "BrainFish 130117_CTG"]
[EventType "Swiss"]
[WhiteTeam ""]
[BlackTeam ""]
[PlyCount "102"]
[TimeControl "300+1"]

1. e4 e6 2. d4 d5 3. Nc3 Nf6 4. e5 Nfd7 5. f4 c5 6. Nf3 Nc6 7. Be3 cxd4 
8. Nxd4 Qb6 9. Qd2 Qxb2 10. Rb1 Qa3 11. Bb5 Nxd4 12. Bxd4 a6 13. Bxd7+ Bxd7 
14. Rb3 Qe7 15. Rxb7 Rc8 16. O-O Qd8 17. Qe3 Rc4 18. Rfb1 Be7 19. f5 Bg5 
20. Qd3 O-O 21. Ne4 Bc8 22. Bb6 Be3+ 23. Qxe3 Qh4 24. Nf6+ gxf6 25. Rc7 exf5 
26. Rxc4 dxc4 27. exf6 Kh8 28. Bc7 Rg8 29. Bg3 Qg4 30. Qf4 c3 31. a3 Be6 
32. Re1 Rd8 33. Qe3 Bd5 34. Qe8+ Rxe8 35. Rxe8+ Qg8 36. Rxg8+ Kxg8 37. Be5 Be4 
38. Bxc3 Bxc2 39. Kf2 h6 40. Ke3 Kh7 41. Kf4 Kg6 42. g3 h5 43. h4 Bb3 
44. Ke5 Bc2 45. Bd4 Be4 46. Be3 a5 47. Bc5 a4 48. Bd6 Bd3 49. Bb4 Bc2 
50. Bc5 Bd3 51. Bd6 Be4 1/2-1/2

[Event "Thursday Night Engine Tour 11 Rd Swiss 5m+1s Starts at 2200hrs ST"]
[Site "Infinity Chess"]
[Date "2018.1.18"]
[Round "1"]
[White "Zor"]
[Black "star99"]
[Result "1/2-1/2 "]
[ECO "A50"]
[WhiteElo "2552"]
[BlackElo "2468"]
[WhiteEngine "Cryptic AIL V1"]
[BlackEngine "Cryptic AIL V1"]
[EventType "Swiss"]
[WhiteTeam ""]
[BlackTeam ""]
[PlyCount "70"]
[TimeControl "300+1"]

1. d4 Nf6 2. c4 c6 3. Nc3 d5 4. Nf3 e6 5. Bg5 h6 6. Bh4 dxc4 7. e4 b5 8. e5 g5 
9. Nxg5 hxg5 10. Bxg5 Nbd7 11. exf6 Bb7 12. h4 Qa5 13. a4 b4 14. Ne4 Nb6 
15. g3 c5 16. Bg2 Rd8 17. Qf3 cxd4 18. O-O Qd5 19. Qg4 Nd7 20. Nd6+ Qxd6 
21. Bxb7 Ne5 22. Qf4 Qc7 23. Ba6 Rd5 24. Rfd1 Bd6 25. Qe4 Kd8 26. Bf4 c3 
27. bxc3 bxc3 28. Rdb1 d3 29. Bxe5 Bxe5 30. Bxd3 Bxg3 31. Rb5 Qe5 32. Qb4 Bxf2+ 
33. Kxf2 Qh2+ 34. Kf1 Qh3+ 35. Kf2 Qh2+ 1/2-1/2